Map: Acolyte LE

Players

Winthrowe

  • Race: Zerg Zerg
  • League: Silver
  • Spawn Location: 7:00

Solo - Winner!

  • Race: Protoss Protoss
  • League: Diamond
  • Spawn Location: 1:00

VOD

Have the link to the VOD?

Description

Time

  • Played on: Aug. 18, 2017, 5:26 p.m.
  • Length: 10:56
Show
View Real Time Build Order
Export as new Build Order

Winthrowe Zerg 

Build Orders: Pool First 

Get SALT Encoding   

  12  0:04  Drone  
  13  0:09  Drone  
  14  0:27  Spawning Pool  
  13  0:31  Drone  
  14  0:38  Overlord  
  14  0:57  Extractor  
  13  1:09  Drone x3  
  16  1:24  Zergling x2  
  17  1:27  Queen  
  19  2:08  Drone  
  19  2:09  Drone x2  
  19  2:13  Hatchery  
  21  2:19  Extractor  
  21  2:20  Drone  
  21  2:39  Overlord  
  21  2:41  Overlord  
  21  2:50  Roach Warren, Queen  
  22  2:54  Overlord  
  22  3:00  Drone  
  22  3:03  Drone  
  24  3:32  Queen  
  26  3:35  Roach  
  26  3:36  Roach x3  
  34  3:55  Evolution Chamber x2  
  32  4:00  Drone  
  32  4:01  Drone x4  
  37  4:14  Roach x2  
  41  4:27  Lair  
  41  4:40  Drone x6  
  47  4:57  Zerg Ground Armor Level 1  
  47  4:59  Zerg Missile Weapons Level 1  
  47  5:04  Roach x2  
  47  5:06  Overlord  
  51  5:10  Overlord  
  51  5:24  Glial Reconstitution  
  51  5:27  Roach  
  51  5:28  Roach x2  
  57  5:29  Roach  
  59  5:45  Roach x3  
  59  5:48  Overlord  
  65  6:17  Roach  
  65  6:18  Roach x4  
  75  6:19  Overlord x2  
  75  7:01  Zerg Ground Armor Level 2  
  58  7:21  Roach x4  
  58  7:22  Roach x2  
  46  8:00  Spire  
  46  8:04  Roach  
  47  8:08  Zergling x10  
  52  8:38  Hatchery  
  51  8:55  Roach x3  
  57  8:56  Roach x4  
  65  9:12  Hatchery  
  65  9:15  Mutalisk  
  66  9:28  Extractor  
  66  9:29  Extractor  
  64  9:39  Mutalisk x2  
  64  9:41  Zergling x2  
  64  9:42  Zergling x12  
  33  10:29  Zergling x16  
Show
View Real Time Build Order
Export as new Build Order

Solo Protoss - Winner!

Build Orders:  

Get SALT Encoding   

  12  0:01  Probe (Chrono Boost)  
  13  0:11  Probe (Chrono Boost)  
  14  0:18  Pylon  
  14  0:23  Probe (Chrono Boost)  
  15  0:37  Probe (Chrono Boost)  
  15  0:40  Gateway  
  16  0:48  Assimilator  
  16  0:49  Probe (Chrono Boost)  
  17  1:00  Probe (Chrono Boost)  
  18  1:10  Probe (Chrono Boost)  
  19  1:15  Pylon  
  19  1:22  Forge  
  19  1:28  Cybernetics Core  
  19  1:32  Zealot  
  21  1:43  Gateway  
  20  1:59  Photon Cannon  
  20  2:05  Adept  
  22  2:10  Assimilator  
  22  2:11  Probe (Chrono Boost)  
  23  2:19  Pylon  
  23  2:26  Mothership Core (Chrono Boost)  
  25  2:50  Probe (Chrono Boost)  
  26  3:01  Nexus  
  26  3:09  Pylon  
  26  3:18  Protoss Ground Weapons Level 1  
  26  3:22  Warp Gate (Chrono Boost)  
  26  3:36  Twilight Council  
  26  3:39  Probe  
  28  4:02  Adept  
  28  4:03  Adept  
  28  4:07  Pylon  
  28  4:09  Probe  
  31  4:11  Probe  
  32  4:20  Resonating Glaives  
  32  4:24  Probe  
  32  4:25  Probe  
  34  4:41  Robotics Facility  
  34  4:46  Probe  
  34  4:47  Probe  
  36  4:59  Gateway  
  36  5:05  Gateway  
  36  5:09  Probe  
  36  5:10  Probe  
  38  5:21  Probe (Chrono Boost)  
  38  5:22  Probe (Chrono Boost)  
  40  5:31  Probe (Chrono Boost)  
  40  5:33  Probe (Chrono Boost)  
  40  5:35  Immortal (Chrono Boost)  
  46  5:41  Probe  
  47  5:44  Probe  
  48  5:51  Templar Archives  
  48  6:00  Probe x2  
  50  6:10  Adept x2, Immortal (Chrono Boost)  
  58  6:14  Adept  
  58  6:17  Adept  
  62  6:21  Pylon  
  62  6:25  Pylon  
  62  6:32  Pylon  
  62  6:34  Probe  
  62  6:35  Probe  
  64  6:41  Adept x2  
  64  6:45  Adept  
  70  6:55  Observer (Chrono Boost)  
  70  6:56  Adept  
  73  7:03  Pylon  
  71  7:15  Immortal (Chrono Boost)  
  71  7:21  Stalker  
  71  7:22  Stalker x3  
  63  7:44  Robotics Facility  
  63  7:49  Pylon  
  67  7:51  Immortal (Chrono Boost)  
  67  7:57  Assimilator  
  67  8:00  Assimilator  
  67  8:04  Photon Cannon  
  67  8:07  Photon Cannon  
  67  8:12  Gateway  
  67  8:14  Gateway  
  67  8:31  Immortal (Chrono Boost)  
  67  8:33  Immortal (Chrono Boost)  
  74  8:46  Adept x3  
  74  8:47  Adept  
  82  9:02  Nexus  
  82  9:08  Pylon  
  82  9:21  Adept  
  82  9:22  Adept x2  
  88  9:28  Adept  
  88  9:29  Adept  
  92  9:34  Adept  
  94  9:48  Immortal (Chrono Boost)  
  98  9:55  Warp Prism (Chrono Boost)  
  90  10:43  Stalker x4  
  90  10:44  Stalker x2  
Tags
 
Matchup
PvZ
Opening
Pool First
Spawn Locations
Cross Positions
Add a new tag
Caveats
  • Supply blocks, unpowered buildings, or Contaminate may cause inaccurate times.
  • Supply counts are checked every 10 seconds.